 Dungeon Crawl Stone Soup version 0.32-a0-630-g46d191b0ed (webtiles) character file.

Game seed: 1756644016280854111

1426 Alarak the Toxicologist (level 8, -1/52 HPs)
             Began as a Demonspawn Alchemist on Mar 7, 2024.
             Slain by a sleepcap (20 damage)
             ... on level 6 of the Dungeon.
             The game lasted 00:18:27 (7315 turns).

Alarak the Toxicologist (Demonspawn Alchemist)      Turns: 7315, Time: 00:18:28

Health: -1/52      AC:  6    Str:  8    XL:     8   Next: 44%
Magic:  3/14       EV:  2    Int: 24    God:
Gold:   321        SH:  0    Dex: 19    Spells: 5/16 levels left

rFire   + . .        A - +3 short sword
rCold   . . .        (no shield)
rNeg    + . .        a - +0 robe
rPois   .            (no helmet)
rElec   .            (no cloak)
rCorr   .            n - +1 pair of gloves
SInv    .            (no boots)
Will    .....        r - amulet of Heusonokh {^Fragile rN+ RegenMP+ Int+5}
Stlth   ++           j - ring of protection from fire
HPRegen 0.28/turn    d - +6 ring of dexterity
MPRegen 0.54/turn

%: no passive effects
@: about to teleport, sleeping, radiating poison
A: sharp scales 2, condensation shield, demonic magic 2, weakness stinger 2
a: no special abilities


You were on level 6 of the Dungeon.
You visited 1 branch of the dungeon, and saw 6 of its levels.
You also visited: Sewer.

You collected 321 gold pieces.

Inventory:

Hand Weapons
 h - a +0 vampiric spear
 s - a +1 whip of electrocution
 y - a +3 rapier of venom
 A - a +3 short sword (weapon)
Missiles
 t - 2 throwing nets
 B - 8 poisoned darts
Armour
 a - a +0 robe (worn)
 n - a +1 pair of gloves (worn)
 u - a +0 leather armour
Jewellery
 d - a +6 ring of dexterity (right hand)
 j - a ring of protection from fire (left hand)
 o - a ring of see invisible
 p - a ring of ice
 r - the amulet of Heusonokh (around neck) {^Fragile rN+ RegenMP+ Int+5}
   (You acquired it on level 6 of the Dungeon)

   [amulet of magic regeneration]

   It increases your rate of magic regeneration.
   Int+5:     It affects your intelligence (+5).
   rN+:       It protects you from negative energy.
   ^Fragile:  It will be destroyed if unequipped.
   RegenMP+:  It increases your rate of magic regeneration.
Scrolls
 g - 5 scrolls of teleportation
 i - a scroll of enchant armour
 k - 2 scrolls of fog
 l - a scroll of enchant weapon
 m - 2 scrolls of brand weapon
 q - a scroll of summoning
 x - 2 scrolls of vulnerability
 C - a scroll of poison
 D - 2 scrolls of identify
 E - a scroll of fear
Potions
 b - a potion of magic
 c - a potion of lignification
 e - 4 potions of curing
 f - 4 potions of enlightenment
 v - 3 potions of degeneration
 w - a potion of mutation {unknown}
 z - a potion of experience {unknown}


   Skills:
 - Level 1.4 Maces & Flails
 - Level 1.7 Dodging
 - Level 1.7 Stealth
 - Level 4.5 Spellcasting
 + Level 3.6 Conjurations
 - Level 9.0 Alchemy


You had 5 spell levels left.
You knew the following spells:

 Your Spells              Type           Power      Damage    Failure   Level
a - Sting                 Conj/Alch      100%       1d9       1%          1
b - Mercury Vapours       Alch/Air       54%        N/A       2%          2
c - Olgreb's Toxic Radia  Alch           48%        N/A       2%          4
d - Fulminant Prism       Conj/Alch      17%        3d10      7%          4

Your spell library contained the following spells:

 Spells                   Type           Power      Damage    Failure   Level
 Shock                    Conj/Air       56%        1d6       4%          1
 Mephitic Cloud           Conj/Alch/Air  25%        N/A       4%          3
 Call Imp                 Summ           10%        N/A       14%         2
 Ensorcelled Hibernation  Hex/Ice        10%        N/A       14%         2
 Sublimation of Blood     Necr           5%         N/A       14%         2
 Ignite Poison            Fire/Alch      27%        N/A       14%         4
 Sticky Flame             Fire/Alch      27%        2d7       14%         4
 Call Canine Familiar     Summ           5%         N/A       28%         3
 Fugue of the Fallen      Necr           5%         N/A       28%         3
 Sigil of Binding         Hex            5%         N/A       28%         3
 Swiftness                Air            5%         N/A       28%         3
 Volatile Blastmotes      Fire/Tloc      10%        2d10      28%         3
 Iskenderun's Mystic Bla  Conj/Tloc      14%        2d5       41%         4
 Airstrike                Air            2%         2d(1-17)  67%         4
 Anguish                  Hex/Necr       2%         N/A       67%         4
 Animate Dead             Necr           5%         N/A       67%         4
 Dimensional Bullseye     Hex/Tloc       2%         N/A       67%         4
 Borgnjor's Vile Clutch   Necr/Erth      2%         N/A       95%         5
 Death Channel            Necr           2%         N/A       100%        6
 Summon Hydra             Summ           2%         N/A       100%        7
 Ignition                 Fire           2%         3d3       100%        8


Dungeon Overview and Level Annotations

Branches:
Dungeon (6/15)              Sewer (visited)
 Temple: D:4-7

Altars:
Kikubaaqudgha
Qazlal


Innate Abilities, Weirdness & Mutations

You are mostly covered in razor-sharp scales. (AC +2, Slay +2)
A meltable shield of frost defends you. (SH +4)
Spells you cast may paralyse nearby enemies.
You have a tail ending in a sharp stinger.


Message History

You tail-slap the jelly, but do no damage.
The jelly is severely wounded.
The orc is poisoned.
The black bear looks even sicker.
The jelly closely misses you.
Casting: Olgreb's Toxic Radiance (dangerous; 2% risk of failure)
Confirm with . or Enter, or press ? or * to list all spells.
Your toxic radiance grows in intensity.
You kill the orc!
Malevolent energies surge around you.
The sleepcap suddenly stops moving!
The black bear looks even sicker.
An orc comes into view. It is wielding a +0 war axe.
The jelly closely misses you.
The helpless sleepcap fails to defend itself.
You hit the sleepcap.
The sleepcap is lightly damaged.
The orc shouts!
The orc is poisoned.
The jelly hits you.
You are splashed with acid!
The helpless sleepcap fails to defend itself.
You puncture the sleepcap!
The sleepcap is heavily damaged.
You kill the black bear!
The jelly hits you but does no damage.
Your Conjurations skill increases to level 3!
As you read the scroll of teleportation, it crumbles to dust.
You feel strangely unstable.
You kill the orc!
Your toxic aura wanes.
The jelly barely misses you.
Okay, then.
Casting: Olgreb's Toxic Radiance (dangerous; 2% risk of failure)
Confirm with . or Enter, or press ? or * to list all spells.
You begin to radiate toxic energy.
Malevolent energies surge around you.
The jelly suddenly stops moving!
The sleepcap is no longer paralysed.
An iguana comes into view.
The sleepcap releases spores at you.
You are engulfed in a cloud of soporific spores!
You fall asleep.
The iguana hisses angrily.
The iguana is poisoned.
The sleepcap releases spores at you!!
You die...

#.#.#...#..............
#.#.#<...............#
#.#.#...#...........## .
#...)...###.#......... .
#......## #.#......... #
###.#.## #.#....##### #
#.#.# #.#....#
#####.......##....#.#
.............?.J@...#
.........##.....f.......
.......J###.........###.#
##......##....).>.?.#
...#............))...#
####..#.........)..#.# ..
.# ........)l##.# ### ##
#.##...... .


You could see a sleepcap, an iguana (poisoned) and a jelly (paralysed).

Vanquished Creatures
  Edmund (D:5)
  2 black bears
  Duvessa (D:4)
  An ogre (D:4)
  A centaur (D:6)
  A phantom (D:4)
  A kobold brigand (Sewer)
  Blork the orc (D:5)
  A scorpion (D:5)
  Dowan (D:4)
  A hound (D:5)
  A bombardier beetle (D:3)
  2 jellies
  2 orc priests
  An orc wizard (D:2)
  5 gnolls (D:2)
  8 adders
  2 river rats (Sewer)
  4 dart slugs
  4 ribbon worms
  8 orcs
  13 ball pythons
  3 bats
  5 endoplasms
  11 giant cockroaches
  6 goblins
  2 hobgoblins
  7 jackals
  4 quokkas
  2 frilled lizards (D:1)
  11 kobolds
  6 rats
119 creatures vanquished.

Vanquished Creatures (collateral kills)
  An ogre (D:4)
1 creature vanquished.

Grand Total: 120 creatures vanquished

Notes
Turn   | Place    | Note
-------+----------+-------------------------------------------
     0 | D:1      | Alarak the Demonspawn Alchemist began the quest for the
                  | Orb.
     0 | D:1      | Reached XP level 1. HP: 13/13 MP: 3/3
   720 | D:1      | Gained mutation: You have a small tail. [demonic ancestry]
   720 | D:1      | Reached XP level 2. HP: 19/19 MP: 2/5
  1963 | D:2      | Gained mutation: A meltable shield of frost defends you.
                  | (SH +4) [demonic ancestry]
  1963 | D:2      | Reached XP level 3. HP: 24/24 MP: 2/7
  2364 | D:2      | Gained mutation: You are partially covered in razor-sharp
                  | scales. (AC +1, Slay +1) [demonic ancestry]
  2364 | D:2      | Reached XP level 4. HP: 30/30 MP: 5/10
  2541 | D:3      | Found a stormy altar of Qazlal.
  2794 | D:3      | Reached skill level 1 in Maces & Flails
  3343 | D:2      | Gained mutation: You are mostly covered in razor-sharp
                  | scales. (AC +2, Slay +2) [demonic ancestry]
  3343 | D:2      | Reached XP level 5. HP: 35/35 MP: 11/11
  3347 | D:3      | Reached skill level 4 in Alchemy
  4044 | D:4      | Noticed a phantom
  4053 | D:4      | Killed a phantom
  4054 | D:4      | Reached skill level 5 in Alchemy
  4054 | D:4      | Gained mutation: Spells you cast may paralyse adjacent
                  | enemies. [demonic ancestry]
  4054 | D:4      | Reached XP level 6. HP: 35/41 MP: 12/12
  4057 | D:4      | Learned a level 2 spell: Mercury Vapours
  4196 | D:4      | Found an ancient bone altar of Kikubaaqudgha.
  4692 | D:4      | Noticed Duvessa
  4692 | D:4      | Noticed Dowan
  4702 | D:4      | Killed Duvessa
  4703 | D:4      | Reached skill level 6 in Alchemy
  4709 | D:4      | Killed Dowan
  4710 | D:4      | Gained mutation: You have a tail ending in a sharp stinger.
                  | [demonic ancestry]
  4710 | D:4      | Reached XP level 7. HP: 46/46 MP: 5/13
  4715 | D:4      | Learned a level 4 spell: Olgreb's Toxic Radiance
  4990 | D:5      | Entered Level 5 of the Dungeon
  5216 | D:5      | HP: 1/46 [ogre/+0 giant club (14)]
  5225 | D:4      | Reached skill level 7 in Alchemy
  5391 | D:5      | Found a glowing drain.
  5407 | D:5      | Noticed Blork the orc
  5409 | Sewer    | Entered a sewer
  5846 | Sewer    | Reached skill level 8 in Alchemy
  6305 | D:5      | Killed Blork the orc
  6306 | D:5      | Gained mutation: Spells you cast may paralyse nearby
                  | enemies. [demonic ancestry]
  6306 | D:5      | Reached XP level 8. HP: 42/52 MP: 1/14
  6643 | D:5      | Noticed Edmund
  6654 | D:5      | Killed Edmund
  6655 | D:5      | Reached skill level 9 in Alchemy
  7135 | D:6      | Identified a scroll of acquirement
  7135 | D:6      | Acquired the amulet of Heusonokh {^Fragile rN+ RegenMP+
                  | Int+5}
  7209 | D:6      | Learned a level 4 spell: Fulminant Prism
  7315 | D:6      | Slain by a sleepcap

Illustrated notes

Levels and vault maps discovered:
D:1:      lightli_arrival_quake, layout_loops_ring,
          ebering_dispersal_statue_hall
D:2:      layout_loops_ring, nicolae_eternal_life, kennysheep_generic_room_14
D:3:      minmay_roachtagon, layout_basic, mainiacjoe_overflow_boulevard,
          serial_rivers, chequers_serial_rivers_small_b,
          chequers_serial_rivers_large_a, chequers_serial_rivers_marsh,
          chequers_serial_rivers_micro_e, chequers_serial_rivers_small_3,
          chequers_serial_rivers_marsh, minmay_liquid_box, hex_tiny
D:4:      dreamdust_elfheim, layout_basic, mainiacjoe_overflow_catwalk_spiral
D:5:      layout_loops_cross, cheibrodos_sewer_entry_drain, uniq_blork_the_orc,
          uniq_edmund
D:6:      layout_loops_cross

Skill      XL: |  1  2  3  4  5  6  7  8 |
---------------+-------------------------+-----
Spellcasting   | 3 4 |  4.5
Maces & Flails | 1 |  1.4
Alchemy        | 5 6 8 9 |  9.0
Conjurations   | 3 |  3.6
Dodging        | |  1.7
Stealth        | |  1.7

Action                     |  1- 3 |  4- 6 |  7- 9 || total
---------------------------+-------+-------+-------++-------
  Melee: Spear             |    16 |     8 |       ||    24
         Tailslap          |     1 |    17 |     8 ||    26
         Whip              |       |   109 |    19 ||   128
         Short sword       |       |       |    21 ||    21
   Cast: Sting             |    46 |    23 |    32 ||   101
         Mercury Vapours   |       |     5 |     7 ||    12
         Olgreb's Toxic Ra |       |       |    30 ||    30
    Use: Scroll            |       |    13 |     8 ||    21
   Stab: Sleeping          |     3 |     3 |     2 ||     8
         Paralysed         |       |       |    12 ||    12
 Armour: Robe              |    23 |    60 |    25 ||   108
  Dodge: Dodged            |    17 |    73 |    23 ||   113
  Block: Other             |     1 |    15 |     4 ||    20

Table legend: (Time is in decaauts)
 A = Elapsed time spent in this place.
 B = Non-inter-level travel time spent in this place.
 C = Inter-level travel time spent in this place.
 D = Time resting spent in this place.
 E = Time spent auto-exploring this place.
 F = Levels seen in this place.
 G = Mean time per level.
                   A        B        C        D        E       F      G
               +--------+--------+--------+--------+--------+-----+--------+
         Total |   7430 |   6901 |    529 |   1413 |   4554 |   7 | 1061.4 |
       Dungeon |   6474 |   5945 |    529 |   1158 |   4009 |   6 | 1079.0 |
         Sewer |    955 |    955 |      0 |    255 |    545 |   1 |  955.0 |
               +--------+--------+--------+--------+--------+-----+--------+

Top non-repeatable levels by time:
     D:4: 1497 daAuts
     D:2: 1389 daAuts
     D:1: 1348 daAuts
     D:3: 1128 daAuts
   Sewer: 955 daAuts
     D:5: 927 daAuts
     D:6: 182 daAuts
